Map: Magannatha LE

Players

ManlyManMeat

  • Race: Zerg Zerg
  • League: Diamond
  • Spawn Location: 5:00

Atreides - Winner!

  • Race: Protoss Protoss
  • League: Diamond
  • Spawn Location: 11:00

VOD

Have the link to the VOD?

Description

Time

  • Played on: July 5, 2025, 6:50 a.m.
  • Length: 7:36
Show
View Real Time Build Order
Export as new Build Order

ManlyManMeat Zerg 

Build Orders: Hatch First 

Get SALT Encoding   

  12  0:00  Drone  
  13  0:08  Drone  
  14  0:16  Extractor  
  14  0:17  Drone  
  15  0:22  Overlord  
  15  0:49  Drone  
  16  0:50  Drone  
  16  0:53  Hatchery  
  16  0:57  Extractor  
  16  1:00  Drone x2  
  17  1:15  Spawning Pool  
  16  1:27  Drone x2  
  18  1:35  Drone  
  19  1:52  Drone  
  20  2:02  Queen  
  20  2:05  Overlord  
  22  2:11  Roach Warren  
  21  2:16  Queen  
  23  2:44  Hatchery  
  22  2:52  Roach x3  
  22  2:58  Roach x2  
  32  3:20  Overlord x2  
  32  3:21  Overlord  
  32  3:35  Overlord x2  
  32  3:40  Roach  
  34  3:48  Roach  
  36  3:49  Roach  
  38  4:03  Ravager x2  
  38  4:05  Ravager  
  41  4:10  Drone x4  
  45  4:21  Roach  
  47  4:27  Extractor  
  47  4:31  Roach  
  48  4:32  Roach  
  50  4:41  Drone  
  49  5:05  Hatchery  
  49  5:06  Spore Crawler  
  45  5:09  Spore Crawler  
  45  5:10  Drone x2  
  45  5:12  Drone  
  45  5:24  Lair  
  45  5:55  Queen  
  47  6:13  Evolution Chamber  
  47  6:15  Drone x5  
  47  6:16  Drone x3  
  54  6:28  Drone x3  
  54  6:29  Drone x2  
  57  7:03  Spore Crawler  
  57  7:04  Spore Crawler x2  
  52  7:19  Spore Crawler  
  52  7:20  Spore Crawler  
  52  7:21  Spore Crawler x2  
  52  7:22  Spore Crawler x2  
  46  7:28  Spore Crawler x2  
Show
View Real Time Build Order
Export as new Build Order

Atreides Protoss - Winner!

Build Orders:  

Get SALT Encoding   

  12  0:00  Probe  
  13  0:12  Probe  
  14  0:21  Pylon  
  14  0:24  Probe  
  15  0:35  Probe  
  16  0:43  Pylon, Probe  
  17  0:57  Assimilator  
  17  1:00  Probe  
  18  1:09  Forge  
  18  1:13  Gateway  
  18  1:18  Probe  
  19  1:31  Assimilator  
  19  1:33  Assimilator  
  19  1:35  Pylon  
  19  1:40  Pylon  
  19  1:44  Probe  
  20  1:56  Probe  
  20  1:59  Photon Cannon  
  21  2:04  Photon Cannon  
  21  2:10  Probe  
  22  2:22  Probe  
  23  2:27  Cybernetics Core  
  23  2:40  Photon Cannon  
  23  2:45  Photon Cannon  
  23  2:46  Probe  
  24  2:59  Probe  
  24  3:02  Pylon  
  25  3:22  Stargate  
  25  3:24  Stargate  
  25  3:28  Probe  
  26  3:50  Nexus  
  26  4:04  Void Ray  
  30  4:10  Void Ray  
  38  4:45  Pylon  
  38  4:47  Void Ray  
  38  5:08  Void Ray  
  42  5:16  Nexus  
  42  5:21  Pylon  
  46  5:32  Void Ray  
  46  5:40  Photon Cannon  
  46  5:42  Photon Cannon  
  46  5:44  Shield Battery  
  46  5:53  Probe  
  47  6:04  Pylon  
  47  6:05  Probe  
  48  6:17  Probe  
  53  6:21  Void Ray  
  53  6:30  Probe  
  54  6:36  Probe  
  59  6:40  Void Ray  
  59  6:42  Probe  
Tags
 
Matchup
PvZ
Replay Pack
Myownreplay2
Spawn Locations
Cross Positions
Add a new tag
Caveats
  • Supply blocks, unpowered buildings, or Contaminate may cause inaccurate times.
  • Supply counts are checked every 10 seconds.